[Event "Amsterdam Chess Open 2024"]
[Site "Amsterdam"]
[Date "2024.11.01"]
[Round "1.20"]
[White "Knoop, Bram"]
[Black "Vintonyak, Yuriy"]
[Result "0-1"]
[ECO "B98"]
[WhiteElo "1972"]
[BlackElo "1872"]
[Annotator "RC"]
[PlyCount "64"]
[EventDate "2024.10.31"]
[EventType "swiss"]
[EventCountry "NED"]
[SourceTitle "playchess.com"]
[Source "ChessBase"]
[SourceQuality "1"]
[TimeControl "5400+30"]

1. e4 c5 2. Nf3 d6 3. d4 cxd4 4. Nxd4 Nf6 5. Nc3 a6 6. Bg5 e6 7. f4 Be7 8. Qf3 e5 9. Bxf6 gxf6 10. Nf5 Be6 11. Ng7+ Kf8 12. Nxe6+ fxe6 13. O-O-O Qc8 14. f5 b5 15. fxe6 Qxe6 16. Nd5 Bd8 17. g4 Rg8 18. g5 Rxg5 19. Bh3 Qf7 20. Rhf1 Kg7 21. Qa3 Qf8 22. Ne3 Nc6 23. Rxd6 b4 24. Qd3 Nd4 25. Rxa6 Rxa6 26. Qxa6 Qc5 27. Nf5+ Rxf5 28. Rg1+ Kh6 29. Qd3 Nb3+ 30. axb3 Qxg1+ 31. Qd1 Qxd1+ 32. Kxd1 Rf2 0-1

[Event "Amsterdam Chess Open 2024"]
[Site "Amsterdam"]
[Date "2024.11.01"]
[Round "1.21"]
[White "Saricicek, Ahmet Furkan"]
[Black "Alexandrov, Matvey"]
[Result "1/2-1/2"]
[ECO "A80"]
[WhiteElo "1728"]
[BlackElo "1835"]
[Annotator "NA RC"]
[PlyCount "97"]
[EventDate "2024.10.31"]
[EventType "swiss"]
[EventCountry "NED"]
[SourceTitle "playchess.com"]
[Source "ChessBase"]
[SourceQuality "1"]
[TimeControl "5400+30"]

1. d4 f5 2. Nf3 Nf6 3. e3 e6 4. Bd3 b6 5. c4 Bb4+ 6. Bd2 Bxd2+ 7. Nbxd2 Bb7 8. Qc2 Nc6 9. a3 Ne7 10. O-O O-O 11. Rac1 Ng6 12. b4 Qe7 13. Rfe1 a5 14. c5 Nd5 15. b5 Rad8 16. Nc4 d6 17. c6 Bc8 18. Qb2 Kh8 19. g3 Qf6 20. Nfd2 Nge7 21. e4 fxe4 22. Nxe4 Qh6 23. Nc3 Nxc3 24. Rxc3 Nd5 25. Rc2 Qf6 26. Ne3 Rde8 27. Rce2 Nxe3 28. Rxe3 e5 29. dxe5 Rxe5 30. Rxe5 dxe5 31. Rxe5 Bh3 32. Qe2 g6 33. f4 Kg7 34. Qe3 Qd6 35. Re7+ Rf7 36. Qe5+ Qxe5 37. Rxe5 Kf6 38. Bf1 Be6 39. Kf2 Rf8 40. Ke3 Rd8 41. Bd3 Rd6 42. Be2 h6 43. h4 h5 44. Bd3 Bf5 45. Bxf5 gxf5 46. Re8 Re6+ 47. Rxe6+ Kxe6 48. Kd4 Kd6 49. a4 1/2-1/2

[Event "Amsterdam Chess Open 2024"]
[Site "Amsterdam"]
[Date "2024.11.01"]
[Round "1.22"]
[White "Lee, Jungbin"]
[Black "Scholten, Titus"]
[Result "1-0"]
[ECO "D32"]
[WhiteElo "1835"]
[BlackElo "1727"]
[Annotator "NA RC"]
[PlyCount "53"]
[EventDate "2024.10.31"]
[EventType "swiss"]
[EventCountry "NED"]
[SourceTitle "playchess.com"]
[Source "ChessBase"]
[SourceQuality "1"]
[TimeControl "5400+30"]

1. d4 d5 2. c4 e6 3. Nc3 c5 4. cxd5 exd5 5. Nf3 Nf6 6. Bg5 Be6 7. dxc5 Bxc5 8. e3 Nc6 9. Be2 Bb6 10. O-O h6 11. Bh4 g5 12. Bg3 Nh5 13. Be5 Nf6 14. Bd4 Bc7 15. Nb5 Bb8 16. Bc3 Rg8 17. Nbd4 g4 18. Nd2 Bxh2+ 19. Kxh2 g3+ 20. Kg1 gxf2+ 21. Rxf2 Nxd4 22. Bxd4 Ng4 23. Bxg4 Bxg4 24. Nf3 Qd6 25. Qa4+ Bd7 26. Qa3 Qe6 27. Ne5 1-0

[Event "Amsterdam Chess Open 2024"]
[Site "Amsterdam"]
[Date "2024.11.01"]
[Round "1.23"]
[White "Branco, Moritz"]
[Black "Thorsson, Pall"]
[Result "1-0"]
[ECO "B07"]
[WhiteElo "1720"]
[BlackElo "1826"]
[Annotator "NA RC"]
[PlyCount "35"]
[EventDate "2024.10.31"]
[EventType "swiss"]
[EventCountry "NED"]
[SourceTitle "playchess.com"]
[Source "ChessBase"]
[SourceQuality "1"]
[TimeControl "5400+30"]

1. e4 d6 2. d4 g6 3. Nc3 Bg7 4. Be3 Nf6 5. Qd2 c6 6. Bh6 Bxh6 7. Qxh6 Qc7 8. Nf3 e5 9. Qg7 Rg8 10. Qxf6 Nd7 11. Qg5 exd4 12. Nxd4 Ne5 13. Be2 Qa5 14. Qd2 Qb4 15. Nb3 Nc4 16. Bxc4 Qxc4 17. Qxd6 Be6 18. O-O-O 1-0

[Event "Amsterdam Chess Open 2024"]
[Site "Amsterdam"]
[Date "2024.11.01"]
[Round "1.24"]
[White "Alamaki, Jaakko"]
[Black "Peter Leijgraaff"]
[Result "1/2-1/2"]
[ECO "D11"]
[WhiteElo "1816"]
[BlackElo "1720"]
[Annotator "NA RC"]
[PlyCount "52"]
[EventDate "2024.10.31"]
[EventType "swiss"]
[EventCountry "NED"]
[SourceTitle "playchess.com"]
[Source "ChessBase"]
[SourceQuality "1"]
[TimeControl "5400+30"]

1. d4 d5 2. Nf3 Nf6 3. c4 c6 4. Nc3 Bg4 5. e3 h6 6. cxd5 cxd5 7. Be2 e6 8. O-O a6 9. Ne5 Bxe2 10. Qxe2 Bd6 11. Rd1 O-O 12. Bd2 Nfd7 13. Nd3 Nc6 14. Be1 Nf6 15. f3 Re8 16. Bh4 Be7 17. Bxf6 Bxf6 18. f4 Be7 19. Rd2 f6 20. Rf1 Nb4 21. f5 Nxd3 22. Qxd3 Bb4 23. fxe6 Rxe6 24. Rdf2 Bxc3 25. bxc3 Rc8 26. Rc2 Qe8 1/2-1/2

[Event "Amsterdam Chess Open 2024"]
[Site "Amsterdam"]
[Date "2024.11.01"]
[Round "1.25"]
[White "Thomas Huften"]
[Black "Schebek, Paul"]
[Result "0-1"]
[ECO "D92"]
[WhiteElo "1781"]
[BlackElo "1696"]
[Annotator "NA RC"]
[PlyCount "146"]
[EventDate "2024.10.31"]
[EventType "swiss"]
[EventCountry "NED"]
[SourceTitle "playchess.com"]
[Source "ChessBase"]
[SourceQuality "1"]
[TimeControl "5400+30"]

1. Nf3 d5 2. c4 c6 3. d4 Nf6 4. Nc3 g6 5. Bf4 Bg7 6. e3 Nbd7 7. Rc1 e6 8. Qc2 O-O 9. cxd5 exd5 10. Bd3 Re8 11. O-O Nf8 12. Rfe1 Be6 13. Na4 N8d7 14. h3 Rc8 15. Ne5 Qe7 16. Qb3 Nxe5 17. Bxe5 Ne4 18. Bxg7 Kxg7 19. f3 Nd6 20. Nc5 Rc7 21. Nxe6+ Qxe6 22. Re2 f5 23. Rce1 Rce7 24. Qc3 Qf6 25. Qc5 a6 26. Qc2 f4 27. e4 Qxd4+ 28. Kf1 dxe4 29. Bxe4 Nxe4 30. Rxe4 Rxe4 31. Rxe4 Rxe4 32. fxe4 Kf6 33. Qb3 b5 34. Qg8 Qd1+ 35. Kf2 Qd2+ 36. Kg1 Qe3+ 37. Kh2 Qg3+ 38. Kg1 Qe1+ 39. Kh2 Qxe4 40. Qf8+ Ke5 41. Qe7+ Kd4 42. Qb4+ Ke3 43. Qe1+ Kd4 44. Qd2+ Ke5 45. Qc3+ Kf5 46. Qc5+ Qe5 47. Qf8+ Kg5 48. Qd8+ Kh5 49. Qd1+ f3+ 50. Kg1 Qe2 51. Qxe2 fxe2 52. Kf2 Kh4 53. Kxe2 Kg3 54. Kf1 c5 55. a3 a5 56. b3 c4 57. bxc4 bxc4 58. a4 h5 59. h4 Kxh4 60. Kf2 c3 61. Ke3 Kg3 62. Kd3 Kxg2 63. Kxc3 h4 64. Kc4 h3 65. Kb5 h2 66. Kxa5 h1=Q 67. Kb6 Qb1+ 68. Ka6 g5 69. a5 g4 70. Ka7 g3 71. a6 Qa2 72. Kb7 Qxa6+ 73. Kxa6 Kf1 0-1

[Event "Amsterdam Chess Open 2024"]
[Site "Amsterdam"]
[Date "2024.11.01"]
[Round "1.26"]
[White "Samantha Hoogerwaard"]
[Black "Marnix Reemst"]
[Result "0-1"]
[ECO "B23"]
[WhiteElo "1510"]
[BlackElo "1700"]
[Annotator "NA RC"]
[PlyCount "60"]
[EventDate "2024.10.31"]
[EventType "swiss"]
[EventCountry "NED"]
[SourceTitle "playchess.com"]
[Source "ChessBase"]
[SourceQuality "1"]
[TimeControl "5400+30"]

1. e4 c5 2. Nc3 d6 3. d4 cxd4 4. Qxd4 e6 5. b3 a6 6. Bb2 Nc6 7. Qd2 Nf6 8. O-O-O b5 9. f3 Bb7 10. g4 Qc7 11. Bg2 Rc8 12. Nge2 Ne5 13. h4 b4 14. Nb1 Nexg4 15. Nd4 Ne5 16. Qxb4 d5 17. Qe1 Nc6 18. Nxe6 fxe6 19. exd5 Qf4+ 20. Nd2 Nd4 21. Bxd4 Qxd4 22. Qxe6+ Kd8 23. Nc4 Qa1+ 24. Kd2 Bb4+ 25. Ke2 Qc3 26. Rc1 Re8 27. Rhd1 Rxe6+ 28. dxe6+ Ke7 29. Rd3 Rxc4 30. Rxc3 Rxc3 0-1

[Event "Amsterdam Chess Open 2024"]
[Site "Amsterdam"]
[Date "2024.11.01"]
[Round "1.27"]
[White "Ruben Hage"]
[Black "Verheul, Martin"]
[Result "0-1"]
[ECO "C44"]
[WhiteElo "1700"]
[BlackElo "1509"]
[Annotator "NA RC"]
[PlyCount "104"]
[EventDate "2024.10.31"]
[EventType "swiss"]
[EventCountry "NED"]
[SourceTitle "playchess.com"]
[Source "ChessBase"]
[SourceQuality "1"]
[TimeControl "5400+30"]

1. e4 e6 2. c4 d5 3. exd5 exd5 4. cxd5 Qxd5 5. d4 Nc6 6. Nf3 Nf6 7. Nc3 Bb4 8. Bd2 Qd8 9. a3 Ba5 10. Bg5 O-O 11. d5 Bxc3+ 12. bxc3 Re8+ 13. Be2 Ne5 14. O-O Qd6 15. c4 Ne4 16. Qc2 Nxf3+ 17. Bxf3 Nxg5 18. Be2 Qe5 19. Bd3 Bd7 20. h4 Ne4 21. Rae1 f5 22. c5 c6 23. d6 Kf8 24. Qc4 Qxc5 25. Rxe4 Qxc4 26. Rxc4 Re5 27. Rd4 c5 28. Rf4 g6 29. Bc2 Rae8 30. g4 Kg7 31. a4 b6 32. Kh2 Rd5 33. Rg1 Ree5 34. gxf5 Bxf5 35. Bxf5 Rxf5 36. Rxf5 Rxf5 37. Kg3 Rd5 38. Re1 Rxd6 39. Re7+ Kf6 40. Rxa7 h5 41. Ra6 Ke5 42. a5 bxa5 43. Rxa5 Kd4 44. Kf3 c4 45. Ke2 Re6+ 46. Kd2 c3+ 47. Kd1 Kc4 48. f4 Rf6 49. Ra8 Kd3 50. Ra4 Re6 51. Ra3 Re4 52. f5 gxf5 0-1

[Event "Amsterdam Chess Open 2024"]
[Site "Amsterdam"]
[Date "2024.11.01"]
[Round "1.28"]
[White "Edwin de Vries"]
[Black "Tobias Pilz"]
[Result "0-1"]
[ECO "B01"]
[WhiteElo "1500"]
[BlackElo "1700"]
[Annotator "NA RC"]
[PlyCount "98"]
[EventDate "2024.10.31"]
[EventType "swiss"]
[EventCountry "NED"]
[SourceTitle "playchess.com"]
[Source "ChessBase"]
[SourceQuality "1"]
[TimeControl "5400+30"]

1. e4 d5 2. exd5 Qxd5 3. Nc3 Qa5 4. Nf3 e6 5. d4 Nf6 6. Bd2 c5 7. Nb5 Qb6 8. a4 Nc6 9. a5 Qd8 10. Ne5 cxd4 11. Bf4 Nd5 12. Qf3 Nxe5 13. Bxe5 Bb4+ 14. c3 dxc3 15. bxc3 Bf8 16. Be2 a6 17. Na3 Qxa5 18. O-O Bxa3 19. c4 Ne7 20. Bd6 Nf5 21. Bxa3 Nd4 22. Qd3 Nxe2+ 23. Qxe2 Bd7 24. Qf3 Qc7 25. Rab1 Bc6 26. Qg4 h5 27. Qh4 Rh6 28. Rfd1 g5 29. Qd4 f6 30. Bd6 Qd7 31. Qb6 Rd8 32. c5 g4 33. Re1 h4 34. Qb3 Kf7 35. Qc4 Bd5 36. Qf4 Rg6 37. Rbd1 Qc6 38. Re5 Re8 39. Rh5 h3 40. Rh4 Bb3 41. Rxg4 Bxd1 42. Rxg6 Kxg6 43. Qg3+ Kf7 44. Qxh3 Rg8 45. g3 Qe4 46. Qh6 a5 47. Qd2 Bf3 48. Qxa5 Qb1+ 49. Qe1 Qxe1# 0-1

[Event "Amsterdam Chess Open 2024"]
[Site "Amsterdam"]
[Date "2024.11.01"]
[Round "1.29"]
[White "Boom, Harrie"]
[Black "Ilan Kapteijns"]
[Result "1-0"]
[ECO "B11"]
[WhiteElo "1696"]
[BlackElo "1500"]
[Annotator "NA RC"]
[PlyCount "107"]
[EventDate "2024.10.31"]
[EventType "swiss"]
[EventCountry "NED"]
[SourceTitle "playchess.com"]
[Source "ChessBase"]
[SourceQuality "1"]
[TimeControl "5400+30"]

1. e4 c6 2. Nc3 d5 3. Nf3 Bg4 4. h3 Bxf3 5. Qxf3 Nf6 6. e5 Nfd7 7. d4 e6 8. Bf4 Qb6 9. O-O-O Bb4 10. Qe3 c5 11. dxc5 Nxc5 12. Bb5+ Nc6 13. Bxc6+ bxc6 14. Qd4 Bxc3 15. Qxc3 Ne4 16. Qe3 Nxf2 17. Rhf1 Nxd1 18. Rxd1 Qxe3+ 19. Bxe3 O-O 20. Bc5 Rfd8 21. c3 h6 22. Rd2 f6 23. exf6 gxf6 24. Be7 Rd7 25. Bxf6 Rf7 26. Be5 Raf8 27. Bd4 Rc8 28. b4 a5 29. a3 axb4 30. cxb4 c5 31. Bxc5 Rd7 32. Re2 d4 33. Rxe6 Kf7 34. Rxh6 d3 35. Rh7+ Ke6 36. Rxd7 Kxd7 37. Kd2 Rg8 38. Kxd3 Rg3+ 39. Ke4 Rxg2 40. Kf4 Kc6 41. a4 Ra2 42. a5 Kb5 43. h4 Ra1 44. h5 Rf1+ 45. Kg5 Rh1 46. Kg6 Rh3 47. h6 Rg3+ 48. Kh7 Rg2 49. Kh8 Rg4 50. h7 Rg2 51. Bf8 Rg4 52. Bg7 Rh4 53. Kg8 Kxb4 54. a6 1-0

[Event "Amsterdam Chess Open 2024"]
[Site "Amsterdam"]
[Date "2024.11.01"]
[Round "1.30"]
[White "Maurice Visser"]
[Black "Witte, Phoebe"]
[Result "1/2-1/2"]
[ECO "B40"]
[WhiteElo "1350"]
[BlackElo "1619"]
[Annotator "NA RC"]
[PlyCount "85"]
[EventDate "2024.10.31"]
[EventType "swiss"]
[EventCountry "NED"]
[SourceTitle "playchess.com"]
[Source "ChessBase"]
[SourceQuality "1"]
[TimeControl "5400+30"]

1. e4 e6 2. d4 d5 3. Nd2 Nf6 4. Bd3 c5 5. Ngf3 Nc6 6. exd5 exd5 7. dxc5 Bxc5 8. O-O O-O 9. Nb3 Bd6 10. h3 h6 11. Re1 Re8 12. Bd2 Bd7 13. Bc3 Rxe1+ 14. Qxe1 Qe7 15. Qxe7 Bxe7 16. Re1 Bb4 17. Bxb4 Nxb4 18. Nc1 Re8 19. Rxe8+ Bxe8 20. Nd4 Bd7 21. a3 Nc6 22. Nce2 Kf8 23. f3 Nh5 24. Kf2 Nxd4 25. Nxd4 Nf4 26. Bf5 Ne6 27. c3 Ke7 28. Bc2 Kf6 29. Ke3 Kg5 30. Bb3 Bc6 31. g3 Kf6 32. Nc2 a5 33. c4 dxc4 34. Bxc4 Ke5 35. f4+ Kf6 36. Nd4 Nxd4 37. Kxd4 Ke7 38. b4 axb4 39. axb4 f6 40. Bd5 Kd6 41. Bxc6 Kxc6 42. Kc4 b5+ 43. Kd4 1/2-1/2